 Dungeon Crawl Stone Soup version 0.27.0-1-g7a089689b8 (webtiles) character file.

Game seed: 5387902536163125800

118 frimble the Ruffian (level 4, -3/42 HPs)
             Began as a Troll Warper on Aug 9, 2021.
             Slain by a gnoll (10 damage)
             ... on level 3 of the Dungeon.
             The game lasted 00:02:12 (1718 turns).

frimble the Ruffian (Troll Warper)                  Turns: 1718, Time: 00:02:13

Health: -3/42      AC:  4    Str: 19    XL:     4   Next: 72%
Magic:  5/5        EV:  9    Int: 10    God:
Gold:   96         SH:  0    Dex:  9    Spells: 6/6 levels left

rFire    . . .     SeeInvis .     - Unarmed
rCold    . . .     Faith    .   (no shield)
rNeg     . . .     Spirit   .   a - +0 robe
rPois    .         Reflect  .   (helmet restricted)
rElec    .         Harm     .   (no cloak)
rCorr    .         Rampage  .   (gloves unavailable)
Will     .....                  (boots unavailable)
Stlth    +.........             (no amulet)
HPRegen  1.14/turn              (no ring)
MPRegen  0.09/turn              (no ring)

@: no status effects
A: large, unfitting armour, claws 3, regeneration 1, shaggy fur 1, tough skin 1
a: no special abilities


You were on level 3 of the Dungeon.
You visited 1 branch of the dungeon, and saw 3 of its levels.

You collected 96 gold pieces.

Inventory:

Missiles
 c - 5 boomerangs of dispersal (quivered)
 i - 3 boomerangs
Armour
 a - a +0 robe (worn)
Jewellery
 e - a +4 ring of slaying
 h - a ring of see invisible
Scrolls
 b - a scroll of blinking
 k - a scroll of enchant weapon {unknown}
Potions
 j - a potion of flight


   Skills:
 + Level 2.2 Fighting
 + Level 1.9 Throwing
 - Level 1.9 Dodging
 + Level 2.8 Unarmed Combat
 + Level 1.7 Spellcasting
 + Level 2.6 Translocations


You had 6 spell levels left.
You didn't know any spells.
Your spell library contained the following spells:

 Spells                   Type           Power      Damage    Failure   Level
 Blink                    Tloc           N/A        N/A       16%         2
 Corona                   Hex            0%         N/A       32%         1
 Gell's Gravitas          Tloc           3%         N/A       32%         3
 Lesser Beckoning         Tloc           3%         N/A       32%         3
 Teleport Other           Tloc           6%         N/A       32%         3
 Ensorcelled Hibernation  Hex/Ice        0%         N/A       43%         2
 Tukima's Dance           Hex            0%         N/A       67%         3
 Manifold Assault         Tloc           6%         N/A       96%         5


Dungeon Overview and Level Annotations

Branches:
Dungeon (3/15)

Altars:


Innate Abilities, Weirdness & Mutations

You are too large for most types of armour.
You have claws for hands.
Your natural rate of healing is unusually fast.
You are covered in fur. (AC +1)
You have tough skin. (AC +1)


Message History

The gnoll shouts! x2
A gnoll comes into view. It is wielding a +0 spear.
The gnoll shouts!
You claw the endoplasm!
You kill the endoplasm!
You hear the slow rusting of a drain very nearby.
A gnoll comes into view. It is wielding a +0 halberd.
A dart slug comes into view.
Found a stone staircase leading down.
The gnoll hits you from afar with a +0 spear.
The gnoll shouts!
The gnoll hits you from afar with a +0 spear.
You scratch the gnoll.
The gnoll is heavily wounded.
The gnoll hits you from afar with a +0 spear!
The gnoll barely misses you. x2
You are too injured to fight recklessly!
The gnoll completely misses you. The gnoll hits you with a +0 spear.
The gnoll hits you from afar with a +0 halberd!
The gnoll hits you but does no damage.
Found a pair of boots.
You see here a +0 pair of boots.
You are too injured to fight recklessly!
You are too injured to fight recklessly!
You are too injured to fight recklessly!
You are too injured to fight recklessly!
You are too injured to fight recklessly!
You are too injured to fight recklessly!
You are too injured to fight recklessly!
You are too injured to fight recklessly!
You are too injured to fight recklessly!
The gnoll hits you with a +0 halberd!
You scratch the gnoll.
The gnoll is moderately wounded.
The gnoll barely misses you. The gnoll hits you with a +0 halberd!
* * * LOW HITPOINT WARNING * * *
You scratch the gnoll.
The gnoll is heavily wounded.
The gnoll hits you but does no damage. The gnoll hits you with a +0 halberd!
You die...

## *≈*≈***≈*≈*,,,,,,,***,***,,
.### *,*≈*∩≈**≈*,,,,,,,**,,*****
...## *≈*≈*****≈*,#..........# **
##..###≈**≈,,≈≈**,*..........# *,
##.#.#≈********,,*.......>..# *,
**#...##,≈≈≈≈,≈≈***,.........***,
..#....######**###**#.w....#*,,,,
...†........# #[# #......#*,,,,
..#.###<.#### #@####.w....#*,,,,
....# ##.<# #.gggw......#*,,,,
..### ##.# ####g.....#.#***** ..*
#.# ###.##..#,* .,* #.##
##...#*..#,* .,*
#..######..###*....* **** ,,*
##.........# *...##**,,, ***
##........# *#...**,,,,
#........# *#...,,,,,


You could see 4 gnolls and a dart slug.

Vanquished Creatures
  3 gnolls (D:2)
  2 adders
  An adder skeleton (D:2)
  2 worms (D:2)
  4 orcs (D:2)
  6 endoplasms
  A giant cockroach (D:2)
  3 goblins
  6 hobgoblins
  9 jackals (D:1)
  2 quokkas
  2 ball pythons
  5 bats
  5 kobolds
  3 rats
54 creatures vanquished.

Notes
Turn   | Place    | Note
-------+----------+-------------------------------------------
     0 | D:1      | frimble the Troll Warper began the quest for the Orb.
     0 | D:1      | Reached XP level 1. HP: 19/19 MP: 1/1
    83 | D:1      | Reached skill level 1 in Throwing
   168 | D:1      | Found a faded altar of an unknown god.
   172 | D:1      | Reached XP level 2. HP: 27/28 MP: 3/3
   581 | D:1      | Reached XP level 3. HP: 35/35 MP: 4/4
  1021 | D:2      | Reached XP level 4. HP: 41/42 MP: 5/5
  1718 | D:3      | Slain by a gnoll

Illustrated notes

Levels and vault maps discovered:
D:1:      eino_arrival_cavern_e, layout_basic,
          hellmonk_ecumenical_altar_crossroads
D:2:      layout_basic
D:3:      layout_rooms, gup_sewer_entry_spiral, serial_shops,
          nicolae_shop_behind_doors, serial_park_tiny_2

Skill      XL: |  1  2  3 |
---------------+----------+-----
Throwing       | 1 |  1.9
Fighting       | 2 |  2.2
Dodging        | |  1.9
Unarmed Combat | |  2.8
Spellcasting   | |  1.7
Translocations | |  2.6

Action                   |  1- 3 |  4- 6 || total
-------------------------+-------+-------++-------
Melee: Unarmed           |   101 |    49 ||   150
       Punch             |       |     1 ||     1
  Use: Scroll            |       |     3 ||     3
Armor: Robe              |    45 |    19 ||    64
Dodge: Dodged            |    49 |    32 ||    81
